 Dungeon Crawl Stone Soup version 0.30-a0-779-g7971cf19c3 (webtiles) character file.

Game seed: 7451635813498935686

1470 Smoke131 the Covert (level 8, -4/41 HPs)
             Began as a Vampire Enchanter on Feb 18, 2023.
             Was an Initiate of Makhleb.
             Slain by a gnoll
             ... wielding a +0 flail
             ... led by a gnoll bouda
              (6 damage)
             ... on level 5 of the Dungeon.
             The game lasted 00:17:06 (4547 turns).

Smoke131 the Covert (Vampire Enchanter)             Turns: 4547, Time: 00:17:07

Health: -4/41      AC:  5    Str:  7    XL:     8   Next: 49%
Magic:  6/15       EV: 15    Int: 17    God:    Makhleb [......]
Gold:   184        SH:  0    Dex: 17    Spells: 9/17 levels left

rFire   . . .      SeeInvis +    B - +4 dagger (venom)
rCold   + + .      Faith    .    (no shield)
rNeg    + + +      Spirit   .    b - +1 robe
rPois   ∞          Reflect  .    (no helmet)
rElec   .          Harm     .    (no cloak)
rCorr   .          Rampage  .    k - +2 pair of gloves
Will    .....                    v - +2 pair of boots {Fly}
Stlth   ++++++                   (no amulet)
HPRegen 0.00/turn                m - +4 ring of protection
MPRegen 0.14/turn                (no ring)

@: corroded, flying, bloodless, inhibited regen
A: bloodless, fangs 3, see invisible, vampiric 2
a: Bat Form, Revivify, Renounce Religion


You were on level 5 of the Dungeon.
You worshipped Makhleb.
Makhleb was noncommittal.
You visited 2 branches of the dungeon, and saw 6 of its levels.

You collected 184 gold pieces.

Inventory:

Hand Weapons
 t - a +0 rapier
 B - a +4 dagger of venom (weapon)
Missiles
 q - 5 poisoned darts (quivered)
 y - a throwing net
 D - 3 atropa-tipped darts
Armour
 b - a +1 robe (worn)
 k - a +2 pair of gloves (worn)
 v - a +2 pair of boots of flying (worn)
 C - a +0 buckler
Jewellery
 h - a +5 ring of evasion
 m - a +4 ring of protection (left hand)
Wands
 n - a wand of polymorph (14)
Scrolls
 e - a scroll of enchant armour
 f - 2 scrolls of magic mapping
 i - 2 scrolls of fog {unknown}
 j - a scroll of vulnerability {unknown}
 l - 6 scrolls of teleportation
 o - a scroll of acquirement
 s - a scroll of poison {unknown}
 u - a scroll of identify {unknown}
 x - a scroll of amnesia {unknown}
Potions
 a - a potion of berserk rage {unknown}
 c - 2 potions of invisibility
 d - 2 potions of attraction {unknown}
 g - 2 potions of heal wounds {unknown}
 p - 2 potions of flight {unknown}
 r - a potion of resistance {unknown}
 w - a potion of mutation {unknown}
 z - a potion of brilliance {unknown}
 A - 3 potions of curing {unknown}


   Skills:
 - Level 2.0 Short Blades
 + Level 6.0 Dodging
 + Level 9.1 Stealth
 + Level 1.9 Shields
 - Level 5.0 Spellcasting
 + Level 8.5 Hexes


You had 9 spell levels left.
You knew the following spells:

 Your Spells              Type           Power      Damage    Failure   Level
a - Ensorcelled Hibernat  Hex/Ice        36%        N/A       3%          2
b - Confusing Touch       Hex            33%        N/A       1%          3
c - Tukima's Dance        Hex            33%        N/A       1%          3

Your spell library contained the following spells:

 Spells                   Type           Power      Damage    Failure   Level
 Dazzling Flash           Conj/Hex       36%        N/A       8%          3


Dungeon Overview and Level Annotations

Branches:
Dungeon (5/15)             Temple (1/1) D:4

Altars:
Ashenzari
Cheibriados
Dithmenos
Fedhas
Hepliaklqana
Kikubaaqudgha
Makhleb
Okawaru
Qazlal
Ru
Sif Muna
Trog
Uskayaw
Vehumet
Xom

Shops:
D:2 :

Annotations:
D:5 Duvessa


Innate Abilities, Weirdness & Mutations

You do not regenerate when monsters are visible.
You are frail without blood (-20% HP).
You can heal yourself when you bite living creatures.
You are immune to poison.
You have razor-sharp teeth.
You have supernaturally acute eyesight. (SInv)
You are afflicted with vampirism and can become a bat while bloodless.


Message History

Press: ? - help, Shift-Dir - straight line, f - gnoll
Aim: a gnoll, wielding a +0 flail (covering ground quickly, chance to affect: 60%)
The gnoll resists with significant effort.
Casting: Ensorcelled Hibernation (safe; 3% risk of failure)
Confirm with . or Enter, or press ? or * to list all spells.
Aiming: Ensorcelled Hibernation (safe; 3% risk of failure)
Press: ? - help, Shift-Dir - straight line, f/p - gnoll
Aim: a gnoll, wielding a +0 flail (covering ground quickly, chance to affect: 60%)
The gnoll resists with significant effort.
Your attacks no longer feel as feeble.
The gnoll closely misses you.
Casting: Ensorcelled Hibernation (safe; 3% risk of failure)
Confirm with . or Enter, or press ? or * to list all spells.
Aiming: Ensorcelled Hibernation (safe; 3% risk of failure)
Press: ? - help, Shift-Dir - straight line, f/p - gnoll
Aim: a gnoll, wielding a +0 flail (covering ground quickly, chance to affect: 60%)
The gnoll resists with significant effort.
The gnoll is no longer moving quickly.
The gnoll completely misses you. The gnoll hits you with a +0 flail.
* * * LOW HITPOINT WARNING * * *
You hear a shout!
Casting: Ensorcelled Hibernation (safe; 3% risk of failure)
Confirm with . or Enter, or press ? or * to list all spells.
Aiming: Ensorcelled Hibernation (safe; 3% risk of failure)
Press: ? - help, Shift-Dir - straight line, f/p - gnoll
Aim: a gnoll, wielding a +0 flail (chance to affect: 60%)
The gnoll resists with significant effort.
The gnoll closely misses you. The gnoll completely misses you.
Casting: Ensorcelled Hibernation (safe; 3% risk of failure)
Confirm with . or Enter, or press ? or * to list all spells.
Aiming: Ensorcelled Hibernation (safe; 3% risk of failure)
Press: ? - help, Shift-Dir - straight line, f/p - gnoll
Aim: a gnoll, wielding a +0 flail (chance to affect: 60%)
The gnoll resists with significant effort.
The gnoll hits you from afar with a +0 spear.
* * * LOW HITPOINT WARNING * * *
The gnoll hits you but does no damage.
You hear a shout!
The gnoll attacks as you move away! The gnoll hits you with a +0 flail.
You die...

######### #.......#
#.#...#.##############
#.......#............#
#.........###.....##.# #######
#.......#####.....##.####.......
#.#...#.# #.g.............######
#.).....# #.#......#.###########
####.######.#.g@...#.###........
#.......g##..##...†.#.#####..
#.#####g............#.######.
#.# #.)...##............... #.#
#.###.###.....#.####### #.# #.#
#.# #.....#.# #.#####.# #.#
#.#.###.# #.......# #.# #.#.#
#.# ####..### #.# #.#. #.#


You could see 2 gnolls.

Vanquished Creatures
  Pikel (D:4)
  2 lemures
  A centaur (D:5)
  4 phantoms
  Dowan (D:5)
  A bullfrog zombie (D:5)
  2 gnoll boudas
  A jelly (D:5)
  2 bullfrog skeletons (D:5)
  Ijyb (D:4)
  Terence (D:3)
  3 iguanas
  A scorpion zombie (D:5)
  A hound skeleton (D:5)
  10 gnolls
  4 adders
  2 howler monkey skeletons (D:5)
  2 shadow imps (D:5)
  2 worms (D:2)
  2 dart slugs (D:1)
  6 orcs
  4 bats
  2 endoplasms
  5 giant cockroaches
  5 goblins
  3 hobgoblins
  17 jackals
  5 kobolds
  3 quokkas
  A ball python (D:1)
  5 frilled lizards
  2 rats
  A spectral hobgoblin (D:2)
103 creatures vanquished.

Vanquished Creatures (others)
  A gnoll (D:5)
  A withered plant (D:5)
2 creatures vanquished.

Grand Total: 105 creatures vanquished

Notes
Turn   | Place    | Note
-------+----------+-------------------------------------------
     0 | D:1      | Smoke131 the Vampire Enchanter began the quest for the Orb.
     0 | D:1      | Reached XP level 1. HP: 13/13 MP: 3/3
    82 | D:1      | Reached XP level 2. HP: 15/15 MP: 5/5
   811 | D:2      | Gained mutation: You are afflicted with vampirism and can
                  | become a bat while bloodless. [Vampire growth]
   811 | D:2      | Reached XP level 3. HP: 12/19 MP: 6/6
   980 | D:1      | Learned a level 2 spell: Ensorcelled Hibernation
   984 | D:1      | Learned a level 3 spell: Confusing Touch
   990 | D:2      | Reached skill level 5 in Stealth
  1174 | D:2      | Reached skill level 5 in Hexes
  1210 | D:2      | Found Deq Sinenlo's Book Emporium.
  1503 | D:2      | Found a faded altar of an unknown god.
  1709 | D:3      | Found a stormy altar of Qazlal.
  1745 | D:3      | Reached XP level 4. HP: 24/24 MP: 2/7
  1805 | D:3      | Noticed Terence
  1813 | D:3      | Killed Terence
  2356 | D:4      | Identified 2 scrolls of acquirement
  2356 | D:4      | Acquired a +2 pair of boots of flying
  2391 | D:4      | Noticed a lemure
  2392 | D:4      | Noticed a lemure
  2406 | D:3      | Killed a lemure
  2609 | D:4      | Reached XP level 5. HP: 28/28 MP: 4/9
  2663 | D:4      | Noticed a phantom
  2715 | D:4      | Learned a level 3 spell: Tukima's Dance
  2803 | D:4      | Reached skill level 6 in Stealth
  2879 | D:4      | Killed a phantom
  2962 | D:4      | Noticed a phantom
  2969 | D:4      | Killed a phantom
  2970 | D:4      | Reached XP level 6. HP: 32/32 MP: 9/11
  3039 | D:4      | Noticed Ijyb
  3085 | D:4      | Killed Ijyb
  3436 | D:4      | Noticed Pikel
  3552 | D:4      | Killed Pikel
  3553 | D:4      | Reached skill level 5 in Dodging
  3553 | D:4      | Reached skill level 8 in Stealth
  3553 | D:4      | Reached XP level 7. HP: 36/36 MP: 7/13
  3615 | D:4      | Found a staircase to the Ecumenical Temple.
  3624 | Temple   | Entered the Ecumenical Temple
  3695 | Temple   | Became a worshipper of Makhleb the Destroyer
  3846 | D:5      | Entered Level 5 of the Dungeon
  3932 | D:5      | Reached XP level 8. HP: 41/41 MP: 14/14
  4006 | D:5      | Reached skill level 1 in Shields
  4158 | D:5      | Noticed Duvessa
  4160 | D:5      | Noticed Dowan
  4163 | D:5      | Killed Dowan
  4389 | D:5      | Reached skill level 9 in Stealth
  4536 | D:5      | Reached skill level 5 in Spellcasting
  4544 | D:5      | HP: 2/41 [gnoll/+0 spear[a gnoll bouda] (5)]
  4547 | D:5      | Slain by a gnoll

Illustrated notes

Levels and vault maps discovered:
D:1:      amcnicky_arrival_wind_blow, layout_loops_ring
D:2:      layout_loops_ring, dreamdust_ecumenical_altar_drowned_temple,
          serial_shops, nicolae_shop_statue_plus, dk_noncrumbling_4
D:3:      layout_rooms, overflow_temple_1_default, serial_aquarium,
          aquarium_bridge_long_separate [aquarium_subvault_bridge,
          aquarium_subvault_wall, aquarium_subvault_window,
          aquarium_subvault_bridge, aquarium_subvault_window,
          aquarium_subvault_wall], aquarium_bridge_square
          [aquarium_subvault_wall, aquarium_subvault_bridge,
          aquarium_subvault_wall, aquarium_subvault_bridge],
          aquarium_window_corner, aquarium_window_corner, aquarium_window_1,
          aquarium_view_2a, aquarium_view_2f, aquarium_balcony_1a, uniq_terence
D:4:      layout_basic, temple_hall, chequers_jeans, uniq_ijyb, uniq_pikel
D:5:      layout_loops_ring, serial_undead, serial_undead_e, serial_undead_a,
          serial_undead_a, serial_undead_a, uniq_duvessa
Temple:   minmay_temple_bridge_d

Skill      XL: |  1  2  3  4  5  6  7  8 |
---------------+-------------------------+-----
Stealth        | 5 6 8 9 |  9.1
Short Blades   | 2 |  2.0
Hexes          | 5 6 7 8 |  8.5
Dodging        | 3 4 5 6 |  6.0
Spellcasting   | 3 4 5 |  5.0
Shields        | 1 |  1.9

Action                     |  1- 3 |  4- 6 |  7- 9 || total
---------------------------+-------+-------+-------++-------
  Melee: Dagger            |    96 |   109 |   107 ||   312
         Bite              |     6 |    16 |    13 ||    35
         Punch             |     2 |       |     2 ||     4
   Cast: Ensorcelled Hiber |     3 |    14 |     7 ||    24
         Confusing Touch   |       |     2 |     2 ||     4
Ability: Exsanguinate      |     1 |       |       ||     1
    Use: Scroll            |       |     4 |     1 ||     5
   Stab: Sleeping          |    30 |    15 |    11 ||    56
         Confused          |       |     2 |     2 ||     4
 Armour: Robe              |    11 |    50 |    33 ||    94
  Dodge: Dodged            |    28 |    86 |    81 ||   195

Table legend: (Time is in decaauts)
 A = Elapsed time spent in this place.
 B = Non-inter-level travel time spent in this place.
 C = Inter-level travel time spent in this place.
 D = Time resting spent in this place.
 E = Time spent auto-exploring this place.
 F = Levels seen in this place.
 G = Mean time per level.
                   A        B        C        D        E       F      G
               +--------+--------+--------+--------+--------+-----+--------+
         Total |   4529 |   4367 |    162 |    373 |   2498 |   6 |  754.8 |
       Dungeon |   4437 |   4275 |    162 |    373 |   2459 |   5 |  887.4 |
        Temple |     91 |     91 |      0 |      0 |     39 |   1 |   91.0 |
               +--------+--------+--------+--------+--------+-----+--------+

Top non-repeatable levels by time:
     D:4: 1139 daAuts
     D:2: 921 daAuts
     D:3: 897 daAuts
     D:1: 789 daAuts
     D:5: 690 daAuts
  Temple: 91 daAuts
